 Dungeon Crawl Stone Soup version 0.29-a0-284-gf9362112df (webtiles) character file.

Game seed: 13757466459767117584

108454 mistaj the Bludgeoner (level 16, -2/109 HPs)
             Began as a Gargoyle Berserker on Mar 20, 2022.
             Was a High Priest of Trog.
             Slain by a +4 long sword (9 damage)
             ... on level 14 of the Dungeon.
             The game lasted 01:30:53 (37827 turns).

mistaj the Bludgeoner (Gargoyle Berserker)         Turns: 37827, Time: 01:30:54

Health: -2/109     AC: 34    Str: 25    XL:     16   Next: 49%
Magic:  16/16      EV:  8    Int: 12    God:    Trog [*****.]
Gold:   2015       SH: 12    Dex:  9    Spells: 15/15 levels left

rFire   . . .      SeeInvis .   C - +4 flail (vamp)
rCold   . . .      Faith    .   q - +0 kite shield
rNeg    + . .      Spirit   .   K - +1 chain mail {Will+}
rPois   ∞          Reflect  .   e - +0 helmet
rElec   +          Harm     .   z - +0 cloak
rCorr   .          Rampage  .   t - +2 pair of gloves
Will    ++...                   g - +0 pair of boots
Stlth   ..........              (no amulet)
HPRegen 0.28/turn               B - +4 ring of slaying
MPRegen 0.15/turn               Q - +4 ring of slaying

@: flying
A: sickness immunity, AC +12, big wings, negative energy resistance 1,
electricity resistance, torment resistance 1, petrification resistance
a: Renounce Religion, Berserk, Trog's Hand, Brothers in Arms


You were on level 14 of the Dungeon.
You worshipped Trog.
Trog was extremely pleased with you.
You visited 3 branches of the dungeon, and saw 21 of its levels.
You also visited: Ice Cave.

You collected 3071 gold pieces.
You spent 1056 gold pieces at shops.

Inventory:

Hand Weapons
 w - the +4 broad axe of Joyful Slaughter {vorpal, +Blink}
   (You found it on level 13 of the Dungeon)

   It inflicts extra damage upon your enemies.
   +Blink:    It lets you blink.
 C - a +4 vampiric flail (weapon)
 R - the +2 flail "Ginnagoz" {vorpal, rPois Will+++ Int-2}
   (You found it on level 2 of the Lair of Beasts)

   It inflicts extra damage upon your enemies.
   Int:       It affects your intelligence (-2).
   rPois:     It protects you from poison.
   Will:      It greatly increases your willpower.
 S - a +3 broad axe of flaming
Armour
 e - a +0 helmet (worn)
 g - a +0 pair of boots (worn)
 q - a +0 kite shield (worn)
 t - a +2 pair of gloves (worn)
 z - a +0 cloak (worn)
 K - a +1 chain mail of willpower (worn)
 N - the +1 ring mail of Conscience {rC+}
   (You found it on level 11 of the Dungeon)

   rC:        It protects you from cold.
 V - +0 fire dragon scales
Jewellery
 f - a +4 ring of evasion
 h - a ring of see invisible
 r - a ring of protection from fire
 s - a ring of protection from cold
 B - a +4 ring of slaying (left hand)
 G - a ring of protection from cold
 H - a +4 ring of protection
 Q - a +4 ring of slaying (right hand)
 U - a ring of the Octopus King {rN+ AC+1 EV+1 Str+1 Int+1 Dex+1}
   (You found it in an ice cave)

   [ring of positive energy]

   AC:        It affects your AC (+1).
   EV:        It affects your evasion (+1).
   Str:       It affects your strength (+1).
   Int:       It affects your intelligence (+1).
   Dex:       It affects your dexterity (+1).
   rN:        It protects you from negative energy.
Wands
 b - a wand of digging (5)
 x - a wand of charming (20)
 y - a wand of flame (29)
 A - a wand of acid (7)
 F - a wand of paralysis (19)
 J - a wand of polymorph (7)
 L - a wand of mindburst (9)
Scrolls
 c - 6 scrolls of teleportation
 j - 2 scrolls of brand weapon
 o - 2 scrolls of summoning
 p - 5 scrolls of enchant armour
 v - 3 scrolls of magic mapping
 D - 3 scrolls of silence
 I - a scroll of blinking
 O - 5 scrolls of fog
Potions
 a - a potion of might
 d - 9 potions of curing
 i - 3 potions of berserk rage
 k - a potion of resistance
 l - 2 potions of ambrosia
 m - 8 potions of mutation
 n - 3 potions of haste
 u - 3 potions of magic
 E - 5 potions of cancellation
 P - 6 potions of invisibility
 T - a potion of heal wounds


   Skills:
 + Level 15.7 Fighting
 - Level 4.3(10.7) Axes
 * Level 16.3(16.6) Maces & Flails
 + Level 13.5 Armour
 - Level 1.5 Dodging
 + Level 15.2 Shields


You had 15 spell levels left.
You didn't know any spells.
Your spell library was empty.

Dungeon Overview and Level Annotations

Branches:
Dungeon (14/15)            Temple (0/1) D:5            Lair (6/6) D:9
 Shoals (0/4) Lair:2       Spider (0/4) Lair:2        Slime (0/5) Lair:5
    Orc (1/2) D:9           IceCv (visited)
 Vaults: D:13-14

Altars:
Gozag
Makhleb
Trog
The Shining One
Beogh

Shops:
D:6 *   D:11 (   D:12 **

Portals:
Hell: Lair:6

Annotations:
D:4 Prince Ribbit
Lair:5 exclusion: 3 oklob plants


Innate Abilities, Weirdness & Mutations

You are immune to sickness and miasma.
Your stone body is resilient. (AC +12)
You are immune to poison.
Your large and strong wings let you fly.
You resist negative energy. (rN+)
You are resistant to electric shocks. (rElec)
You are resistant to unholy torment.
You are immune to petrification.


Message History

The centaur warrior kicks you but does no damage.
You block the +4 long sword's attack.
Unknown command.
You thump the centaur warrior!
You feel better.
The centaur warrior is heavily wounded.
You block the +8 long sword's attack. You block the centaur warrior's attack.
The centaur warrior kicks you but does no damage.
You block the +4 long sword's attack. The +8 long sword hits you!
Unknown command.
You sock the centaur warrior!
The centaur warrior is severely wounded.
You block the centaur warrior's attack.
The centaur warrior kicks you but does no damage.
You block the +4 long sword's attack. The +8 long sword hits you!
* * * LOW HITPOINT WARNING * * *
Unknown command.
You sock the centaur warrior!
You feel better.
The centaur warrior is almost dead.
The centaur warrior hits you but does no damage.
The centaur warrior kicks you but does no damage.
You block the +4 long sword's attack. You block the +8 long sword's attack.
Unknown command.
You thump the centaur warrior!
You feel better.
You kill the centaur warrior!
Trog accepts your kill. You block the +4 long sword's attack.
The +8 long sword hits you! The +4 long sword hits you.
Unknown command.
You barely miss the +4 long sword. The +8 long sword hits you!
* * * LOW HITPOINT WARNING * * *
The +4 long sword hits you but does no damage.
You block the +8 long sword's attack.
You miss the +4 long sword. The +4 long sword hits you.
* * * LOW HITPOINT WARNING * * *
The +8 long sword hits you!
* * * LOW HITPOINT WARNING * * *
You bludgeon the +4 long sword!!
The +4 long sword is severely damaged.
The +4 long sword hits you!
You die...

#.... .....# #...#
##....# #...# #?....#
#...# # ##....# #...#
.#.#.....###### #...#
..............# #...#
...[..((......#####..###
......)@......##≈≈≈#....
............##≈≈.§≈##...
..........>.#≈≈≈.§≈≈#...
............#≈..).§≈#...
............#≈≈≈.≈≈§###.
.!..........##≈≈.≈≈## #.
......#########≈.≈## #.
...... ##+## #. #.


You could see 2 dancing weapons.

Vanquished Creatures
  The ghost of petzl the Destroyer, an adept FoAM of Vehumet (D:13)
  An iron dragon (D:12)
  The ghost of spaghetti the Warrior, a journeyman OgBe of Trog (Lair:2)
  Azrael (D:12)
  The ghost of SirDiesAlot the Blocker, a journeyman MiFi (D:12)
  Josephine (D:12)
  A fire dragon (D:12)
  3 boulder beetles
  16 hydras
  An ice dragon (IceCv)
  A catoblepas (Lair:2)
  6 centaur warriors
  3 two-headed ogres
  A death knight (D:12)
  2 tengu warriors
  5 death yaks
  The ghost of horus123 the Destroyer, a novice DgCj (D:9)
  Nergalle (D:10)
  A sun demon (Lair:6)
  A skeletal warrior (D:12)
  A deep troll (shapeshifter) (D:12)
  A wizard (Lair:6)
  A lindwurm (Lair:6)
  8 ugly things
  3 deep elf pyromancers
  A deep elf zephyrmancer (D:13)
  2 orc knights
  A wolf spider (D:14)
  5 elephants (Lair:6)
  5 cyclopes
  5 manticores
  A spectral centaur (D:9)
  3 ice statues
  2 centaur zombies (D:9)
  4 black mambas
  An orange demon (Lair:6)
  A smoke demon (Lair:6)
  2 gargoyles
  Maggie (D:8)
  10 cane toads
  11 komodo dragons
  An efreet (D:13)
  A tengu conjurer (D:13)
  3 kobold demonologists
  10 rime drakes
  2 ice devils (Lair:6)
  A freezing wraith (D:13)
  5 trolls
  3 red devils (Lair:6)
  2 polar bears (Lair:5)
  A spectral meliai (D:9)
  4 dream sheep (Lair:5)
  19 blink frogs
  A raiju (shapeshifter) (D:13)
  4 slime creatures
  Sigmund (D:6)
  3 wraiths (D:12)
  7 wyverns
  73 yaks
  Grum (D:10)
  10 basilisks
  A fire elemental (D:12)
  A human (shapeshifter) (D:13)
  A redback (Lair:2)
  2 vampire mosquitoes (D:12)
  4 acid dragons
  7 hell hounds
  16 water moccasins
  6 orc warriors
  A sky beast (D:7)
  An ice beast (D:8)
  A black bear (D:5)
  21 wolves
  10 centaurs
  2 phantoms (D:5)
  5 kobold brigands
  Blork the orc (D:5)
  11 bullfrogs
  A necrophage (D:7)
  A gnoll sergeant (D:10)
  A scorpion (D:6)
  10 wights
  4 lindwurm simulacra (IceCv)
  12 killer bees
  2 electric eels
  5 howler monkeys
  6 komodo dragon simulacra (IceCv)
  5 hounds
  Crazy Yiuf (D:6)
  A jelly (D:4)
  A gnoll shaman (D:7)
  6 orc priests
  5 iguanas
  5 orc wizards
  Robin (D:4)
  28 gnolls
  7 acid dragon simulacra (IceCv)
  5 adders
  A shadow imp (D:8)
  14 white imps
  3 ufetubi
  4 steam dragon simulacra (IceCv)
  7 worms
  2 dart slugs
  48 orcs
  5 ball pythons
  10 endoplasms
  5 giant cockroaches
  14 goblins
  11 hobgoblins
  66 kobolds
  2 quokkas (D:1)
  4 bats
  5 frilled lizards
  6 rats
675 creatures vanquished.

Vanquished Creatures (others)
  2 hydras (D:13)
  An unseen horror (D:13)
  An orc wizard (D:13)
  6 ball lightnings (D:13)
  29 fungi
  45 plants
84 creatures vanquished.

Grand Total: 759 creatures vanquished

Notes
Turn   | Place    | Note
-------+----------+-------------------------------------------
     0 | D:1      | mistaj the Gargoyle Berserker began the quest for the Orb.
     0 | D:1      | Reached XP level 1. HP: 14/14 MP: 1/1
    89 | D:1      | Reached XP level 2. HP: 19/19 MP: 2/2
   461 | D:1      | Reached XP level 3. HP: 23/24 MP: 3/3
   894 | D:1      | Reached ** piety under Trog
  1044 | D:2      | Reached skill level 4 in Maces & Flails
  1252 | D:2      | You fall into a shaft and drop 2 floors!
  1519 | D:2      | Reached XP level 4. HP: 29/29 MP: 4/4
  2628 | D:4      | Noticed a bullfrog
  2647 | D:3      | Killed a bullfrog
  2648 | D:3      | Reached skill level 1 in Axes
  2648 | D:3      | Reached skill level 1 in Shields
  2648 | D:3      | Reached XP level 5. HP: 26/34 MP: 5/5
  2912 | D:4      | Noticed Robin
  2925 | D:4      | Reached *** piety under Trog
  2935 | D:4      | Killed Robin
  2936 | D:4      | Reached XP level 6. HP: 35/39 MP: 6/6
  3402 | D:3      | Reached skill level 5 in Fighting
  3762 | D:4      | Reached XP level 7. HP: 25/44 MP: 7/7
  4374 | D:4      | Reached **** piety under Trog
  5162 | D:5      | Entered Level 5 of the Dungeon
  5164 | D:5      | Noticed Prince Ribbit
  6351 | D:5      | Reached ***** piety under Trog
  6365 | D:5      | Reached skill level 5 in Maces & Flails
  6365 | D:5      | Reached XP level 8. HP: 27/51 MP: 8/8
  6817 | D:5      | Found a staircase to the Ecumenical Temple.
  7393 | D:5      | Reached skill level 6 in Maces & Flails
  7585 | D:5      | Reached skill level 5 in Shields
  7608 | D:6      | Noticed Sigmund
  7624 | D:6      | Killed Sigmund
  7709 | D:6      | Reached skill level 7 in Maces & Flails
  7709 | D:6      | Reached XP level 9. HP: 57/57 MP: 9/9
  7786 | D:6      | Noticed Blork the orc
  7816 | D:5      | Killed Blork the orc
  8226 | D:6      | Found a runed translucent door.
  8227 | D:6      | Noticed Crazy Yiuf
  8236 | D:6      | Killed Crazy Yiuf
  8241 | D:6      | Identified the +1 mace of Lust {vamp, rF+ rCorr Str+2
                  | Stlth-}
  8413 | D:6      | Found Feismeti's CLEARANCE SALE!.
  8852 | D:7      | Reached skill level 8 in Maces & Flails
  9022 | D:7      | Found a bloodstained altar of Trog.
  9948 | D:7      | Reached skill level 9 in Maces & Flails
 10338 | D:8      | Reached XP level 10. HP: 53/65 MP: 10/10
 11452 | D:8      | Noticed Maggie
 11477 | D:8      | Killed Maggie
 11983 | D:9      | Noticed a two-headed ogre
 12849 | D:9      | Found a staircase to the Lair.
 13317 | D:9      | Found a staircase to the Orcish Mines.
 13419 | D:9      | Found a runed translucent gate.
 13419 | D:9      | Found a runed translucent gate.
 13419 | D:9      | Found a runed translucent gate.
 13420 | D:9      | Noticed a spectral centaur warrior
 13424 | D:9      | Noticed horus123's ghost (novice DgCj)
 13556 | D:10     | Entered Level 10 of the Dungeon
 13708 | D:9      | Reached skill level 10 in Fighting
 13708 | D:9      | Reached skill level 5 in Armour
 13708 | D:9      | Reached XP level 11. HP: 32/72 MP: 11/11
 13912 | D:10     | Noticed a boulder beetle
 14059 | D:10     | Noticed Grum
 14092 | D:10     | Killed Grum
 14948 | D:10     | Noticed Nergalle
 15154 | D:10     | Killed Nergalle
 15639 | D:10     | Killed a boulder beetle
 15679 | D:10     | Reached ****** piety under Trog
 15783 | D:10     | Received a gift from Trog
 15784 | D:10     | Reached skill level 10 in Shields
 15959 | D:11     | Noticed a cyclops
 15973 | D:11     | Killed a cyclops
 16059 | D:11     | Identified the +1 ring mail of Conscience {rC+}
 16093 | D:11     | Found a glowing golden altar of the Shining One.
 16229 | D:11     | Found Peitsij's Antique Weapon Boutique.
 16321 | D:11     | Noticed a two-headed ogre
 16935 | D:12     | Noticed a manticore
 17131 | Lair:1   | Entered Level 1 of the Lair of Beasts
 18083 | Lair:1   | Reached XP level 12. HP: 72/80 MP: 12/12
 18240 | D:9      | Reached skill level 10 in Maces & Flails
 19587 | Lair:2   | Found a hole to the Spider Nest.
 19588 | Lair:2   | Noticed a four-headed hydra
 19818 | Lair:2   | Noticed a catoblepas
 19862 | Lair:2   | Killed a catoblepas
 20125 | Lair:2   | You fall into a shaft and drop 1 floor!
 20174 | Lair:2   | Noticed a six-headed hydra
 20934 | Lair:2   | Received a gift from Trog
 21052 | Lair:2   | Noticed a six-headed hydra
 21123 | Lair:1   | Killed a six-headed hydra
 21239 | Lair:2   | Noticed spaghetti's ghost (journeyman OgBe)
 21241 | Lair:2   | Found a transporter.
 21679 | Lair:2   | Found a staircase to the Shoals.
 21817 | Lair:2   | Found a transporter.
 21839 | Lair:2   | Killed a six-headed hydra
 21840 | Lair:2   | Reached skill level 11 in Maces & Flails
 22514 | Lair:3   | Reached XP level 13. HP: 87/87 MP: 13/13
 23050 | Lair:3   | Reached skill level 10 in Armour
 24186 | Lair:4   | Received a gift from Trog
 24794 | Lair:5   | Reached skill level 13 in Maces & Flails
 24794 | Lair:5   | Gained mutation: Your large and strong wings let you fly.
                  | [Gargoyle growth]
 24794 | Lair:5   | Reached XP level 14. HP: 94/94 MP: 14/14
 24996 | Lair:5   | Found a staircase to the Slime Pits.
 25968 | Lair:6   | Entered Level 6 of the Lair of Beasts
 26378 | Lair:6   | Reached skill level 14 in Maces & Flails
 26742 | Lair:6   | Reached XP level 15. HP: 100/100 MP: 15/15
 28040 | Lair:6   | Found a burning altar of Makhleb.
 28691 | Lair:6   | Found a gateway to Hell.
 28960 | Lair:2   | Received a gift from Trog
 28979 | Lair:2   | Killed spaghetti's ghost
 29197 | Lair:2   | Identified the +2 flail "Ginnagoz" {vorpal, rPois Will+++
                  | Int-2}
 29533 | D:9      | Killed horus123's ghost
 29822 | Orc:1    | Entered Level 1 of the Orcish Mines
 29822 | Orc:1    | Noticed an orc warlord
 30801 | D:12     | Noticed Azrael
 31063 | D:12     | Killed Azrael
 31064 | D:12     | Reached skill level 15 in Maces & Flails
 31862 | D:12     | Noticed Josephine
 31875 | D:12     | Killed Josephine
 31876 | D:12     | Reached skill level 15 in Fighting
 32078 | D:12     | Found a runed translucent gate.
 32078 | D:12     | Found a runed translucent gate.
 32078 | D:12     | Found a runed translucent gate.
 32209 | D:12     | Found an opulent altar of Gozag.
 32210 | D:12     | Noticed an iron dragon
 32211 | D:12     | Found Ingatics's Assorted Antiques.
 32211 | D:12     | Noticed SirDiesAlot's ghost (journeyman MiFi)
 32212 | D:12     | Found Plog's Assorted Antiques.
 32847 | D:12     | Killed SirDiesAlot's ghost
 33166 | D:13     | Found a frozen archway.
 33203 | IceCv    | Entered an ice cave
 33725 | IceCv    | Received a gift from Trog
 34701 | IceCv    | Found the ring of the Octopus King
 34747 | IceCv    | Identified a ring of the Octopus King {rN+ AC+1 EV+1 Str+1
                  | Int+1 Dex+1}
 34865 | D:12     | Killed an iron dragon
 34961 | D:12     | Reached XP level 16. HP: 91/108 MP: 16/16
 35235 | D:12     | Bought a scroll of teleportation for 126 gold pieces
 35236 | D:12     | Bought a potion of invisibility for 248 gold pieces
 35236 | D:12     | Bought a scroll of teleportation for 93 gold pieces
 35236 | D:12     | Bought 2 potions of invisibility for 496 gold pieces
 35236 | D:12     | Bought a scroll of teleportation for 93 gold pieces
 35603 | D:13     | Found a runed translucent gate.
 35605 | D:13     | Found a runed translucent gate.
 35606 | D:13     | Noticed petzl's ghost (adept FoAM)
 35607 | D:13     | Found a runed translucent gate.
 36403 | D:13     | Reached skill level 16 in Maces & Flails
 36449 | D:13     | Reached skill level 15 in Shields
 37079 | D:13     | Killed petzl's ghost
 37274 | D:13     | Identified the +4 broad axe of Joyful Slaughter {vorpal,
                  | +Blink}
 37827 | D:14     | Slain by a +4 long sword

Illustrated notes

Levels and vault maps discovered:
D:1:      kennysheep_arrival_forest, layout_basic
D:2:      layout_loops_ring, minmay_crystal_room
D:3:      minmay_chambers_of_twos, layout_rooms, hangedman_decor_growths,
          uniq_jessica
D:4:      minmay_goblin_kobold_castle, layout_loops_ring, kennysheep_potato,
          uniq_robin
D:5:      layout_loops_ring, minmay_temple_entry_trees, uniq_prince_ribbit1
D:6:      layout_cave_pools, corner_web_ring, nicolae_shop_clearance,
          uniq_crazy_yiuf_cottage, uniq_sigmund, uniq_blork_the_orc
D:7:      layout_basic, mainiacjoe_overflow_tiny_flanked,
          minmay_chambers_of_fives
D:8:      layout_gridville, uniq_maggie
D:9:      layout_roguey, lair_entry_dummy, david_orc_2,
          gammafunk_ghost_necromancy
D:10:     layout_roguey, special_room [special_room_orc], uniq_nergalle,
          uniq_grum
D:11:     layout_rooms, serial_shops, nicolae_lakefront_shop, tso_altar
D:12:     minmay_razor_zed, layout_long_grid, ebering_ghost_gozag, uniq_azrael,
          uniq_josephine
D:13:     four-leaf_vault, layout_basic, gammafunk_ghost_hydra_chop,
          portal_ice_cave_entry_imps
D:14:     layout_irregular_city, erik_vaults_1, kennysheep_small_circle
Lair:1:   layout_concentric_octagons, grunt_megastairs_3
Lair:2:   layout_regular_city, minmay_shoals_entry_centaurs,
          spider_nest_entry_a, nzn_ghost_randoct, minivault_26,
          lemuel_fruit_fields, serial_bayou_shore_b
Lair:3:   layout_loops_ring, serial_bayou_shore_a
Lair:4:   layout_roguey, grunt_megastairs_2
Lair:5:   layout_gridlike, minmay_slime_entry_oklob_open
Lair:6:   evil_forest, layout_cave_pods, serial_bayou_pond_d,
          serial_bayou_pond_c
Orc:1:    layout_caves, elf_legates

Skill      XL: |  1  2  3  4  5  6  7  8  9 10 11 12 13 14 15 16 |
---------------+-------------------------------------------------+-----
Maces & Flails | 4 5 7 9 11 13 14 15 16 | 16.3
Fighting       | 4 5 7 8 10 11 12 13 14 15 | 15.7
Axes           | 1 3 4 |  4.3
Shields        | 1 2 3 5 7 8 10 12 13 14 15 | 15.2
Armour         | 5 8 9 10 11 12 13 | 13.5
Dodging        | |  1.5

Action                   |  1- 3 |  4- 6 |  7- 9 | 10-12 | 13-15 | 16-18 || total
-------------------------+-------+-------+-------+-------+-------+-------++-------
Melee: Mace              |    36 |       |       |       |       |       ||    36
       Whip              |   101 |    95 |   376 |   826 |       |       ||  1398
       Hand axe          |       |   106 |   182 |       |       |       ||   288
       Punch             |       |     1 |       |       |       |       ||     1
       Flail             |       |       |       |   353 |  1406 |   305 ||  2064
Invok: Berserk           |       |       |     4 |     6 |     6 |     1 ||    17
  Use: Scroll            |     1 |       |     9 |    21 |    12 |       ||    43
       Potion            |       |       |       |       |     1 |       ||     1
Armor: Ring mail         |    11 |       |       |       |    94 |       ||   105
       Animal skin       |     2 |       |       |       |       |       ||     2
       Chain mail        |    48 |    30 |       |   340 |   689 |   207 ||  1314
       Plate armour      |       |    68 |   291 |   136 |       |       ||   495
       Fire dragon scale |       |       |       |       |       |    14 ||    14
Dodge: Dodged            |    85 |    80 |   191 |   417 |   564 |    59 ||  1396
Block: Kite shield       |       |    62 |   234 |   522 |   836 |   192 ||  1846

Table legend: (Time is in decaauts)
 A = Elapsed time spent in this place.
 B = Non-inter-level travel time spent in this place.
 C = Inter-level travel time spent in this place.
 D = Time resting spent in this place.
 E = Time spent auto-exploring this place.
 F = Levels seen in this place.
 G = Mean time per level.
                   A        B        C        D        E       F      G
               +--------+--------+--------+--------+--------+-----+--------+
         Total |  37536 |  36221 |   1315 |  15710 |   9226 |  22 | 1706.2 |
       Dungeon |  24604 |  23566 |   1038 |  10433 |   6605 |  14 | 1757.4 |
          Lair |  11336 |  11060 |    276 |   4070 |   2620 |   6 | 1889.3 |
  Orcish Mines |      6 |      6 |      0 |      0 |      0 |   1 |    6.0 |
      Ice Cave |   1587 |   1587 |      0 |   1206 |      0 |   1 | 1587.0 |
               +--------+--------+--------+--------+--------+-----+--------+

Top non-repeatable levels by time:
     D:9: 3583 daAuts
    D:12: 3438 daAuts
  Lair:1: 2735 daAuts
  Lair:6: 2552 daAuts
     D:4: 2416 daAuts
     D:7: 2086 daAuts
  Lair:2: 2030 daAuts
     D:5: 1995 daAuts
    D:13: 1898 daAuts
     D:8: 1714 daAuts
  Lair:5: 1700 daAuts
     D:3: 1684 daAuts
   IceCv: 1587 daAuts
    D:10: 1431 daAuts
  Lair:4: 1254 daAuts
